 Dungeon Crawl Stone Soup version 0.32-a0-928-g1cae6b7ea0 (webtiles) character file.

Game seed: 7954284272220261298

52 zazu2006 the Spear-Bearer (level 3, -1/38 HPs)
             Began as a Gnoll Wanderer on Apr 12, 2024.
             Slain by a gnoll
             ... wielding a +0 flail
              (8 damage)
             ... on level 2 of the Dungeon.
             The game lasted 00:02:42 (481 turns).

zazu2006 the Spear-Bearer (Gnoll Wanderer)           Turns: 481, Time: 00:02:43

Health: -1/38      AC:  3    Str: 11    XL:     3   Next: 85%
Magic:  4/4        EV: 10    Int: 12    God:
Gold:   11         SH:  7    Dex: 18    Spells: 3/4 levels left

rFire   . . .        a - +1 spear
rCold   . . .        b - +2 buckler
rNeg    . . .        d - +0 leather armour
rPois   .            (no helmet)
rElec   .            (no cloak)
rCorr   .            (no gloves)
SInv    .            (no boots)
Will    .....        (no amulet)
Stlth   ++           g - +6 ring of dexterity
HPRegen 0.26/turn    (no ring)
MPRegen 0.09/turn

%: no passive effects
@: no status effects
A: fangs 1, strong nose, distributed training
a: no special abilities


You were on level 2 of the Dungeon.
You visited 1 branch of the dungeon, and saw 2 of its levels.

You collected 11 gold pieces.

Inventory:

Hand Weapons
 a - a +1 spear (weapon)
Armour
 b - a +2 buckler (worn)
 d - a +0 leather armour (worn)
Jewellery
 g - a +6 ring of dexterity (left hand)
Scrolls
 c - a scroll of fog
 h - a scroll of teleportation {unknown}
 i - a scroll of noise {unknown}
 j - a scroll of identify {unknown}
Potions
 e - a potion of brilliance {unknown}
 f - a potion of mutation {unknown}
 k - a potion of haste {unknown}


   Skills:
 + Level 8.5 Fighting
 + Level 1.0 Short Blades
 + Level 1.0 Long Blades
 + Level 1.0 Axes
 + Level 1.0 Maces & Flails
 + Level 8.5 Polearms
 + Level 1.0 Staves
 + Level 1.0 Ranged Weapons
 + Level 1.0 Throwing
 + Level 1.0 Armour
 + Level 1.0 Dodging
 + Level 1.0 Stealth
 + Level 4.6 Shields
 + Level 1.0 Unarmed Combat
 + Level 1.0 Spellcasting
 + Level 0.7 Conjurations
 + Level 0.7 Hexes
 + Level 0.7 Summonings
 + Level 0.7 Necromancy
 + Level 0.7 Translocations
 + Level 0.7 Fire Magic
 + Level 0.7 Ice Magic
 + Level 0.7 Air Magic
 + Level 0.7 Earth Magic
 + Level 0.7 Alchemy
 + Level 1.1 Invocations
 + Level 1.0 Evocations
 + Level 0.9 Shapeshifting


You had 3 spell levels left.
You knew the following spells:

 Your Spells              Type           Power      Damage    Failure   Level
a - Sting                 Conj/Alch      8%         1d3       38%         1

Your spell library contained the following spells:

 Spells                   Type           Power      Damage    Failure   Level
 Apportation              Tloc           4%         N/A       38%         1
 Necrotise                Necr           8%         1d4       38%         1
 Summon Small Mammal      Summ           8%         N/A       38%         1
 Call Imp                 Summ           4%         N/A       52%         2
 Sublimation of Blood     Necr           2%         N/A       52%         2
 Frozen Ramparts          Ice            4%         1d1       77%         3
 Inner Flame              Hex/Fire       2%         N/A       77%         3
 Ozocubu's Armour         Ice            2%         N/A       77%         3
 Flame Wave               Conj/Fire      2%         2d4       99%         4
 Petrify                  Alch/Erth      2%         N/A       99%         4
 Sticky Flame             Fire/Alch      2%         2d4       99%         4
 Irradiate                Conj/Alch      1%         3d12      100%        5
 Metabolic Englaciation   Hex/Ice        1%         N/A       100%        5
 Summon Hydra             Summ           1%         N/A       100%        7


Dungeon Overview and Level Annotations

Branches:
Dungeon (2/15)

Altars:


Innate Abilities, Weirdness & Mutations

You have very sharp teeth.
Your uncanny sense of smell can sniff out nearby items.
Your experience applies equally to all skills.


Message History

Your Unarmed Combat skill increases to level 1!
Your Spellcasting skill increases to level 1!
Your Evocations skill increases to level 1!
Unknown command.
You feel sick.
You see here an adder corpse.
You feel sick.
You feel sick.
You are no longer poisoned.
You pick up a book of Winter and begin reading...
You add the spells Frozen Ramparts, Ozocubu's Armour and Metabolic Englaciation to your library.
k - a viscous green potion A gnoll comes into view.
It is wielding a +0 flail.
Reach: a) +1 spear
Press: ? - help, Dir - move target, f - gnoll
Aim: a gnoll, wielding a +0 flail (about 26% to evade your +1 spear)
You reach to attack!
You hit the gnoll.
The gnoll is lightly wounded.
Unknown command.
You barely miss the gnoll.
The gnoll is lightly wounded.
You completely miss the gnoll. Your bite misses the gnoll.
The gnoll is lightly wounded.
The gnoll barely misses you.
You hit the gnoll.
The gnoll is moderately wounded.
The gnoll closely misses you.
You hit the gnoll.
The gnoll is moderately wounded.
The gnoll hits you with a +0 flail!
* * * LOW HITPOINT WARNING * * *
You hit the gnoll.
The gnoll is heavily wounded.
You hit the gnoll but do no damage.
The gnoll is heavily wounded.
The gnoll barely misses you.
You closely miss the gnoll.
The gnoll is heavily wounded.
The gnoll hits you with a +0 flail!
You die...

##### #...#
###...### ###
#.......# #..
#.......# #.#
###.......###.#
#.†.........@#
#.###...#####g#
#.# ##..# #.#
#.# ....# #.#
#.##.##.# ..#
##.##.##.## .#
#.........# ...
# #.#######.#
... #.# #.# #..


You could see a gnoll.

Vanquished Creatures
  A gnoll (D:2)
  2 adders (D:2)
  A ribbon worm (D:2)
  A dart slug (D:2)
  An endoplasm (D:1)
  3 goblins
  3 hobgoblins
  3 jackals (D:2)
  A quokka (D:1)
  2 ball pythons (D:1)
  A frilled lizard (D:1)
  2 rats
21 creatures vanquished.

Notes
Turn   | Place    | Note
-------+----------+-------------------------------------------
     0 | D:1      | zazu2006 the Gnoll Wanderer began the quest for the Orb.
     0 | D:1      | zazu2006 set off with the following items: a +1 spear, a +2
                  | buckler, a scroll of fog, a +0 leather armour.
     0 | D:1      | Reached XP level 1. HP: 26/26 MP: 1/1
   117 | D:1      | Reached XP level 2. HP: 24/33 MP: 2/2
   344 | D:2      | Learned a level 1 spell: Sting
   377 | D:2      | Reached XP level 3. HP: 30/38 MP: 1/4
   411 | D:2      | Reached skill level 1 in Invocations
   459 | D:2      | Reached skill level 1 in Short Blades
   459 | D:2      | Reached skill level 1 in Long Blades
   459 | D:2      | Reached skill level 1 in Axes
   459 | D:2      | Reached skill level 1 in Maces & Flails
   459 | D:2      | Reached skill level 1 in Staves
   459 | D:2      | Reached skill level 1 in Ranged Weapons
   459 | D:2      | Reached skill level 1 in Throwing
   459 | D:2      | Reached skill level 1 in Armour
   459 | D:2      | Reached skill level 1 in Dodging
   459 | D:2      | Reached skill level 1 in Stealth
   459 | D:2      | Reached skill level 1 in Unarmed Combat
   459 | D:2      | Reached skill level 1 in Spellcasting
   459 | D:2      | Reached skill level 1 in Evocations
   481 | D:2      | Slain by a gnoll

Illustrated notes

Levels and vault maps discovered:
D:1:      kennysheep_arrival_seaside, layout_loops_corners
D:2:      layout_loops_cross

Skill      XL: |  1  2  3 |
---------------+----------+-----
Invocations    | 1 |  1.1
Short Blades   | 1 |  1.0
Long Blades    | 1 |  1.0
Axes           | 1 |  1.0
Maces & Flails | 1 |  1.0
Staves         | 1 |  1.0
Ranged Weapons | 1 |  1.0
Throwing       | 1 |  1.0
Armour         | 1 |  1.0
Dodging        | 1 |  1.0
Stealth        | 1 |  1.0
Unarmed Combat | 1 |  1.0
Spellcasting   | 1 |  1.0
Evocations     | 1 |  1.0
Fighting       | |  8.5
Polearms       | |  8.5
Shields        | |  4.6
Conjurations   | |  0.7
Hexes          | |  0.7
Summonings     | |  0.7
Necromancy     | |  0.7
Translocations | |  0.7
Fire Magic     | |  0.7
Ice Magic      | |  0.7
Air Magic      | |  0.7
Earth Magic    | |  0.7
Alchemy        | |  0.7
Shapeshifting  | |  0.9

Action                     || total
---------------------------++-------
  Melee: Spear             ||    91
         Bite              ||     6
   Cast: Sting             ||     1
   Stab: Sleeping          ||     5
 Armour: Leather armour    ||    32
  Dodge: Dodged            ||    22
  Block: Buckler           ||    17

Table legend: (Time is in decaauts)
 A = Elapsed time spent in this place.
 B = Non-inter-level travel time spent in this place.
 C = Inter-level travel time spent in this place.
 D = Time resting spent in this place.
 E = Time spent auto-exploring this place.
 F = Levels seen in this place.
 G = Mean time per level.
                   A        B        C        D        E       F      G
               +--------+--------+--------+--------+--------+-----+--------+
         Total |    455 |    455 |      0 |      0 |    111 |   2 |  227.5 |
       Dungeon |    455 |    455 |      0 |      0 |    111 |   2 |  227.5 |
               +--------+--------+--------+--------+--------+-----+--------+

Top non-repeatable levels by time:
     D:1: 248 daAuts
     D:2: 207 daAuts
